Map: Cactus Valley LE (Void)

Players

Guru

  • Race: Zerg Zerg
  • Spawn Location: 7:00

Patience - Winner!

  • Race: Protoss Protoss
  • Spawn Location: 1:00

Event: IEM XI Katowice - World Championship 2017

VOD

https://youtu.be/SznXs27wbwk

Description

Time

  • Played on: Feb. 28, 2017, 10:59 a.m.
  • Length: 11:57

All games in this series

Show
View Real Time Build Order
Export as new Build Order

Guru Zerg 

Build Orders: Pool First 

Get SALT Encoding   

  12  0:01  Drone  
  13  0:12  Overlord  
  13  0:17  Drone  
  14  0:30  Drone  
  14  0:31  Drone  
  14  0:34  Drone  
  17  0:45  Spawning Pool  
  17  0:48  Drone  
  17  1:10  Hatchery  
  16  1:12  Extractor, Drone  
  16  1:21  Drone  
  17  1:31  Queen  
  17  1:32  Zergling x4  
  21  1:40  Overlord  
  21  1:53  Drone  
  22  2:02  Drone  
  22  2:07  Queen  
  25  2:15  Metabolic Boost  
  25  2:18  Drone  
  26  2:25  Drone x2  
  26  2:44  Drone x3  
  26  2:45  Drone x3  
  32  2:55  Hatchery  
  31  2:59  Overlord  
  31  3:05  Pneumatized Carapace  
  31  3:08  Zergling x2  
  31  3:10  Zergling x2  
  31  3:12  Zergling x2  
  34  3:15  Zergling x2  
  34  3:18  Zergling x2  
  36  3:21  Zergling x4  
  36  3:24  Evolution Chamber  
  36  3:26  Drone  
  38  3:30  Drone  
  38  3:31  Drone  
  40  3:34  Drone  
  40  3:37  Drone  
  42  3:41  Overlord  
  42  3:44  Drone  
  43  3:50  Zergling x2  
  43  3:54  Overlord  
  43  3:56  Zergling x2  
  40  4:03  Zergling x8  
  40  4:05  Drone  
  40  4:09  Lair  
  45  4:11  Zerg Melee Weapons Level 1  
  45  4:18  Overlord  
  45  4:19  Drone x3  
  48  4:26  Drone x3  
  48  4:28  Drone  
  51  4:36  Baneling Nest  
  50  4:43  Zergling x8  
  50  4:44  Zergling x4  
  54  4:51  Zergling x2  
  54  4:52  Zergling x8  
  58  5:00  Zergling x4, Queen  
  58  5:01  Zergling x2  
  58  5:02  Zergling x2  
  58  5:05  Zergling x2  
  65  5:08  Zergling x2  
  65  5:09  Zergling x6  
  68  5:14  Overlord  
  68  5:18  Drone  
  68  5:19  Drone  
  70  5:21  Extractor  
  70  5:22  Queen, Extractor  
  70  5:24  Drone  
  70  5:26  Drone  
  70  5:36  Overlord  
  70  5:37  Drone x2  
  70  5:39  Drone x2  
  70  5:40  Drone  
  73  5:43  Overlord, Hydralisk Den  
  73  5:44  Drone  
  73  5:47  Overlord  
  73  5:49  Overlord  
  72  5:52  Overlord  
  72  5:55  Drone  
  65  6:00  Drone x2  
  63  6:11  Drone x2  
  65  6:12  Zergling x2  
  65  6:13  Zerg Melee Weapons Level 2, Zergling x2  
  67  6:23  Hatchery  
  67  6:24  Zergling x4  
  68  6:28  Drone x4  
  68  6:29  Drone x2  
  74  6:33  Overlord  
  74  6:36  Zergling x2  
  74  6:39  Zergling x6  
  77  6:41  Zergling x2  
  77  6:42  Queen  
  77  6:43  Overlord  
  77  6:44  Hydralisk  
  81  6:47  Zergling x2  
  81  6:48  Hydralisk  
  81  6:49  Hydralisk  
  81  6:52  Zergling x2  
  85  6:56  Hydralisk  
  85  7:06  Overseer  
  85  7:11  Hydralisk x3  
  85  7:12  Hydralisk  
  85  7:14  Hydralisk  
  95  7:16  Hydralisk, Hatchery  
  95  7:19  Hydralisk  
  95  7:21  Hydralisk  
  99  7:24  Hydralisk  
  99  7:28  Zergling x8  
  104  7:30  Hydralisk  
  104  7:36  Zergling x8  
  106  7:38  Hydralisk  
  106  7:40  Zergling x2  
  106  7:41  Zergling x2  
  106  7:43  Zergling x4  
  112  7:47  Hydralisk  
  112  7:48  Zergling x4  
  112  7:50  Zergling x2  
  115  7:51  Hydralisk  
  115  7:52  Zergling x2  
  115  7:55  Zergling x4  
  119  8:02  Zergling x6  
  119  8:03  Zergling x4  
  124  8:12  Zergling x10  
  125  8:13  Zergling x2  
  125  8:14  Zergling x2  
  125  8:15  Drone x2  
  125  8:19  Drone  
  130  8:21  Centrifical Hooks, Zergling x2  
  130  8:24  Baneling x4  
  130  8:25  Zergling x6  
  134  8:28  Zergling x2  
  134  8:31  Zergling x4  
  137  8:36  Spore Crawler, Zergling x8  
  137  8:37  Overlord  
  137  8:39  Overlord  
  139  8:42  Overlord  
  139  8:45  Overlord  
  139  8:48  Overlord  
  136  8:51  Overlord  
  136  8:52  Hydralisk  
  136  8:53  Hydralisk  
  129  8:55  Hydralisk  
  129  8:58  Zergling x6  
  129  9:00  Hydralisk  
  133  9:04  Hydralisk  
  133  9:05  Hydralisk  
  133  9:07  Zergling x4  
  133  9:08  Zergling x2  
  133  9:09  Drone  
  132  9:12  Drone x2  
  132  9:16  Drone  
  130  9:17  Drone x2  
  130  9:18  Drone x2  
  130  9:19  Drone  
  130  9:21  Hydralisk  
  138  9:24  Drone x2  
  138  9:25  Drone  
  140  9:37  Zergling x2  
  139  9:39  Muscular Augments  
  139  9:40  Zergling x2  
  139  9:41  Zergling x8  
  139  9:43  Baneling  
  139  9:44  Baneling x5  
  139  9:45  Zergling x6  
  143  9:46  Zergling x2  
  143  9:48  Zergling x4  
  148  9:53  Zergling x2  
  148  9:55  Zergling x2  
  148  9:56  Zergling x2, Overlord  
  148  9:57  Zergling x10  
  156  10:00  Zergling x2  
  156  10:01  Zergling x8  
  161  10:07  Overlord  
  161  10:09  Overlord  
  160  10:15  Baneling x10  
  160  10:17  Zergling x16  
  163  10:21  Zergling x6  
  163  10:22  Zergling x2  
  163  10:24  Zergling x4  
  163  10:26  Zergling x2  
  163  10:27  Baneling x4  
  151  10:29  Zergling x4  
  151  10:33  Hydralisk  
  151  10:39  Zergling x2  
  151  10:40  Zergling x14  
  151  10:42  Zergling x2  
  143  10:43  Baneling  
  143  10:44  Baneling x3  
  143  10:48  Zergling x2  
  141  10:59  Hydralisk x2  
  125  11:05  Hydralisk  
  125  11:07  Zergling x2  
  125  11:08  Zergling x12, Queen  
  125  11:09  Queen  
  131  11:17  Hydralisk x2  
  115  11:21  Zergling x8  
  115  11:22  Hydralisk  
  115  11:24  Zergling x2  
  115  11:25  Zergling x4  
  106  11:28  Baneling  
  106  11:29  Baneling  
  105  11:33  Zergling x10  
  105  11:34  Zergling x4  
  105  11:38  Baneling x3  
Show
View Real Time Build Order
Export as new Build Order

Patience Protoss - Winner!

Build Orders: 1 Gate Expand, Mass Adepts 

Get SALT Encoding   

  12  0:01  Probe (Chrono Boost)  
  13  0:11  Probe (Chrono Boost)  
  14  0:18  Pylon  
  14  0:22  Probe (Chrono Boost)  
  15  0:36  Probe (Chrono Boost)  
  15  0:37  Gateway  
  15  0:42  Assimilator  
  16  0:47  Probe (Chrono Boost)  
  17  0:57  Probe (Chrono Boost)  
  17  1:01  Gateway  
  18  1:09  Probe (Chrono Boost)  
  19  1:24  Cybernetics Core  
  19  1:38  Nexus  
  19  1:45  Pylon  
  20  1:47  Probe (Chrono Boost)  
  20  1:59  Adept  
  20  2:00  Adept  
  22  2:05  Probe (Chrono Boost)  
  25  2:14  Warp Gate  
  26  2:17  Assimilator, Probe (Chrono Boost)  
  26  2:27  Adept  
  29  2:30  Probe (Chrono Boost)  
  29  2:43  Probe (Chrono Boost)  
  29  2:49  Twilight Council  
  29  2:51  Probe (Chrono Boost)  
  30  2:56  Adept x2  
  34  2:59  Probe (Chrono Boost)  
  34  3:01  Probe (Chrono Boost)  
  36  3:09  Pylon  
  36  3:10  Probe (Chrono Boost)  
  37  3:16  Mothership Core (Chrono Boost)  
  39  3:20  Probe (Chrono Boost)  
  40  3:28  Resonating Glaives  
  40  3:30  Pylon  
  40  3:31  Probe (Chrono Boost)  
  41  3:35  Probe (Chrono Boost)  
  42  3:43  Adept  
  42  3:44  Adept  
  42  3:46  Probe (Chrono Boost)  
  47  3:50  Probe (Chrono Boost)  
  42  4:03  Probe x2 (Chrono Boost)  
  42  4:05  Gateway  
  44  4:13  Probe (Chrono Boost)  
  44  4:14  Probe (Chrono Boost)  
  47  4:24  Probe (Chrono Boost)  
  47  4:28  Probe (Chrono Boost)  
  47  4:30  Nexus  
  48  4:33  Pylon  
  48  4:37  Adept  
  48  4:38  Adept  
  52  4:41  Probe (Chrono Boost)  
  52  4:45  Probe (Chrono Boost)  
  50  4:46  Pylon  
  50  4:53  Probe (Chrono Boost)  
  50  4:59  Adept x2  
  54  5:01  Pylon  
  54  5:02  Adept  
  54  5:04  Probe (Chrono Boost)  
  54  5:06  Probe (Chrono Boost)  
  58  5:09  Pylon  
  58  5:18  Probe (Chrono Boost)  
  58  5:19  Probe (Chrono Boost)  
  60  5:21  Stalker  
  60  5:23  Assimilator  
  60  5:25  Sentry x2  
  60  5:26  Assimilator  
  66  5:30  Robotics Facility  
  66  5:38  Probe (Chrono Boost)  
  66  5:39  Probe (Chrono Boost)  
  60  5:48  Pylon  
  60  5:49  Sentry x2  
  64  5:50  Adept  
  56  6:00  Probe (Chrono Boost)  
  56  6:01  Probe (Chrono Boost)  
  56  6:03  Probe (Chrono Boost)  
  59  6:05  Gateway  
  59  6:08  Gateway  
  59  6:10  Gateway  
  59  6:11  Probe (Chrono Boost)  
  60  6:12  Gateway, Sentry x2  
  60  6:18  Probe (Chrono Boost)  
  66  6:19  Stalker  
  66  6:22  Observer, Probe (Chrono Boost)  
  66  6:23  Probe (Chrono Boost)  
  70  6:30  Probe (Chrono Boost)  
  72  6:32  Probe (Chrono Boost)  
  72  6:39  Probe (Chrono Boost)  
  73  6:42  Probe (Chrono Boost)  
  73  6:43  Adept, Probe (Chrono Boost)  
  73  6:44  Warp Prism  
  75  6:48  Adept x2  
  75  6:51  Probe (Chrono Boost)  
  81  6:54  Probe x2 (Chrono Boost)  
  80  7:01  Gateway  
  80  7:02  Gateway  
  80  7:04  Probe (Chrono Boost)  
  80  7:06  Sentry  
  80  7:07  Sentry x2  
  87  7:10  Pylon x2  
  87  7:15  Probe (Chrono Boost)  
  90  7:16  Probe x2 (Chrono Boost)  
  90  7:17  Assimilator  
  90  7:19  Forge  
  90  7:20  Assimilator  
  90  7:23  Adept x2  
  96  7:31  Probe x2 (Chrono Boost)  
  96  7:33  Immortal  
  91  7:42  Adept, Protoss Ground Weapons Level 1  
  91  7:43  Adept x3  
  101  7:45  Adept  
  101  7:49  Probe x2 (Chrono Boost)  
  101  7:50  Probe (Chrono Boost)  
  102  8:02  Adept x3  
  108  8:06  Stalker  
  108  8:10  Warp Prism  
  104  8:19  Pylon  
  104  8:20  Pylon  
  104  8:26  Sentry x3  
  110  8:27  Adept x3  
  116  8:35  Pylon  
  116  8:38  Photon Cannon  
  116  8:46  Adept x3  
  119  8:53  Adept x3  
  114  9:10  Adept  
  114  9:14  Sentry x3, Probe (Chrono Boost)  
  114  9:15  Sentry  
  118  9:28  Probe (Chrono Boost)  
  118  9:29  Probe x2 (Chrono Boost)  
  121  9:35  Sentry  
  121  9:36  Adept x2, Sentry  
  121  9:37  Immortal  
  129  9:53  Pylon  
  129  9:54  Pylon  
  129  10:00  Adept x3  
  129  10:01  Sentry x3  
  141  10:11  Immortal  
  141  10:19  Adept  
  141  10:20  Adept x2  
  151  10:25  Adept x2  
  151  10:26  Sentry  
  151  10:27  Sentry  
  151  10:28  Zealot  
  151  10:40  Sentry  
  151  10:41  Adept x3  
  151  10:47  Adept x2  
  151  11:06  Adept x2, Sentry  
  151  11:10  Pylon  
  157  11:11  Pylon  
  157  11:12  Pylon  
  157  11:17  Adept x2  
  157  11:18  Adept x3  
  129  11:22  Probe x3 (Chrono Boost)  
  122  11:33  Sentry x4  
  128  11:45  Nexus  

Tags
 
Add a new tag
Caveats
  • Supply blocks, unpowered buildings, or Contaminate may cause inaccurate times.
  • Supply counts are checked every 10 seconds.